 Dungeon Crawl Stone Soup version 0.23.0 (webtiles) character file.

Game seed: 1928186790674120519

36 Monsterracer the Cudgeler (level 3, 0/23 HPs)
             Began as a Gargoyle Abyssal Knight on Feb 9, 2019.
             Was a Follower of Lugonu.
             Slain by an adder (1 damage)
             ... on level 1 of the Dungeon.
             The game lasted 00:02:06 (1632 turns).

Monsterracer the Cudgeler (Gargoyle Abyssal Knight) Turns: 1632, Time: 00:02:06

Health: 0/23       AC:  6    Str: 16    XL:     3   Next: 37%
Magic:  4/4        EV: 11    Int: 12    God:    Lugonu [*.....]
Gold:   77         SH:  0    Dex:  9    Spells: 2/2 levels left

rFire    . . .     SeeInvis .   a - +1 mace
rCold    . . .     Gourm    .   (no shield)
rNeg     + . .     Faith    .   b - +0 leather armour
rPois    ∞         Spirit   .   (no helmet)
rElec    +         Reflect  .   (no cloak)
rCorr    .         Harm     .   (no gloves)
MR       .....                  (no boots)
Stlth    +.........             (no amulet)
HPRegen  0.07/turn              (no ring)
MPRegen  0.09/turn              (no ring)

@: no status effects
A: negative energy resistance 1, electricity resistance, unbreathing,
petrification resistance, rot immunity, AC +3
a: Depart the Abyss, Renounce Religion


You were on level 1 of the Dungeon.
You worshipped Lugonu.
Lugonu was aware of your devotion.
You were not hungry.

You visited 1 branch of the dungeon, and saw 2 of its levels.
You visited the Abyss 1 time.

You collected 77 gold pieces.

Inventory:

Hand Weapons
 a - a +1 mace (weapon)
Armour
 b - a +0 leather armour (worn)
Scrolls
 d - a scroll of identify {unknown}
 e - a scroll of magic mapping {unknown}
 f - 2 scrolls of enchant weapon {unknown}
 g - a scroll of teleportation {unknown}
 h - a scroll of blinking {unknown}
Comestibles
 c - 5 rations


   Skills:
 - Level 3.2 Fighting
 + Level 3.7 Maces & Flails
 - Level 2.1 Armour
 - Level 0.7 Dodging
 - Level 2.0 Invocations


You had 2 spell levels left.
You didn't know any spells.
Your spell library was empty.

Dungeon Overview and Level Annotations

Branches:
Dungeon (2/15)

Altars:


Innate Abilities, Weirdness & Mutations

You are resistant to torment.
Your stone body is resilient. (AC +3)
You are immune to poison.
You resist negative energy. (rN+)
You are resistant to electric shocks. (rElec)
You can survive without breathing.
You are immune to petrification.
You are immune to rotting.


Message History

A goblin comes into view. It is wielding a +0 club.
A hobgoblin comes into view.
The hobgoblin shouts!
The goblin shouts!
You see here a ration.
c - 5 rations (gained 1)
The adder bites you. The adder barely misses you.
You take 2 damage, and have 14/23 hp.
You see here a scroll labeled YDAOCW HECZOUPS.
The goblin hits you but does no damage.
The hobgoblin hits you but does no damage.
The adder bites you.
You take 2 damage, and have 12/23 hp.
The goblin barely misses you.
The hobgoblin hits you but does no damage.
The hobgoblin misses you.
There is a stone staircase leading up here.
The adder bites you but does no damage. The hobgoblin barely misses you.
The goblin hits you but does no damage. The adder misses you.
You climb upwards.
There is a stone staircase leading down here.
Unknown command.
The goblin misses you. The hobgoblin hits you.
* * * LOW HITPOINT WARNING * * *
You take 2 damage, and have 11/23 hp.
Unknown command.
You barely miss the hobgoblin. The hobgoblin barely misses you.
You miss the goblin. The goblin misses you.
You barely miss the goblin. The goblin hits you but does no damage.
You closely miss the goblin. The goblin closely misses you.
The hobgoblin hits you but does no damage.
You barely miss the goblin. The goblin closely misses you.
The hobgoblin barely misses you. The goblin hits you but does no damage.
You hit the goblin.
You kill the goblin!
Lugonu accepts your kill.
The hobgoblin hits you but does no damage.
The hobgoblin barely misses you.
You barely miss the adder. The adder bites you but does no damage.
The adder barely misses you. The hobgoblin closely misses you.
You miss the adder. The adder bites you but does no damage.
The hobgoblin hits you.
* * * LOW HITPOINT WARNING * * *
The adder barely misses you.
You take 2 damage, and have 10/23 hp.
You closely miss the adder. The adder bites you but does no damage.
The hobgoblin completely misses you.
Unknown command.
You hit the adder.
The adder is lightly wounded.
The adder barely misses you. The hobgoblin barely misses you.
The adder barely misses you.
You hit the hobgoblin.
The hobgoblin is severely wounded.
The hobgoblin hits you but does no damage.
The adder bites you but does no damage.
The hobgoblin hits you but does no damage.
You hit the hobgoblin.
You kill the hobgoblin!
Lugonu accepts your kill. The adder bites you.
* * * LOW HITPOINT WARNING * * *
The adder closely misses you.
You take 2 damage, and have 9/23 hp.
You sock the adder!
The adder is almost dead.
The adder bites you but does no damage.
Unknown command.
You miss the adder.
The adder is almost dead.
The adder bites you.
* * * LOW HITPOINT WARNING * * *
The adder bites you but does no damage.
You take 1 damage, and have 8/23 hp.
You completely miss the adder.
The adder is severely wounded.
The adder bites you.
* * * LOW HITPOINT WARNING * * *
The adder bites you but does no damage.
You take 1 damage, and have 7/23 hp.
You closely miss the adder.
The adder is severely wounded.
The adder misses you.
You closely miss the adder.
The adder is severely wounded.
The adder closely misses you. The adder bites you.
* * * LOW HITPOINT WARNING * * *
You take 3 damage, and have 4/23 hp.
You hit the adder.
The adder is almost dead.
The adder bites you but does no damage.
You miss the adder.
The adder is almost dead.
The adder bites you but does no damage. The adder barely misses you.
You closely miss the adder.
The adder is almost dead.
The adder bites you.
* * * LOW HITPOINT WARNING * * *
The adder bites you.
You die...

# ##.≈§#§≈≈#§≈§# #
#.≈≈#≈§≈#≈≈§# # #≈.≈#§§≈#§§§#
# #§§≈#§§§#≈≈≈# ####
#...#.§.#...# #... ###
####(..#...#...# #.♣♣
#.#######.##...#...#...# #♣♣.
...#...#...#...#...#...#
####♣.P
...#.>.#...#...#@......#
#...♣.♣
...#...#...#...#S.....##
#.#..♣♣
...#...#............###
#.##♣♣
................###########.#
.....<.....######....#....#.#
############.......###.##.#.#
#.....#...###.##.#.#
#.........#...##...#
###.####..#.#####.##


You could see an adder.

Vanquished Creatures
  2 leopard geckos (D:1)
  5 bats (D:1)
  2 giant cockroaches (D:1)
  2 goblins (D:1)
  3 hobgoblins (D:1)
  7 jackals (D:1)
  5 kobolds (D:1)
  2 frilled lizards (D:1)
  3 rats (D:1)
31 creatures vanquished.

Notes
Turn   | Place    | Note
-------+----------+-------------------------------------------
     0 | Abyss:1  | Monsterracer the Gargoyle Abyssal Knight began the quest
                  | for the Orb.
     0 | Abyss:1  | Reached XP level 1. HP: 14/14 MP: 2/2
    91 | Abyss:1  | Noticed an apocalypse crab
    91 | Abyss:1  | Noticed a raiju
    92 | D:1      | Escaped the Abyss
   282 | D:1      | Reached * piety under Lugonu
   300 | D:1      | HP: 5/14 [kobold (3)]
   311 | D:1      | Reached XP level 2. HP: 7/19 MP: 3/3
   328 | D:1      | HP: 4/19 [kobold/+0 short sword (4)]
   470 | D:1      | HP: 9/19 [giant cockroach (1)]
   777 | D:1      | HP: 9/19 [jackal (2)]
   782 | D:1      | HP: 7/19 [jackal (2)]
   791 | D:1      | Reached XP level 3. HP: 7/23 MP: 4/4
   794 | D:1      | HP: 6/23 [jackal (1)]
  1576 | D:2      | Noticed an ogre
  1602 | D:1      | HP: 11/23 [hobgoblin (2)]
  1620 | D:1      | HP: 10/23 [hobgoblin (2)]
  1626 | D:1      | HP: 8/23 [adder (1)]
  1632 | D:1      | HP: 1/23 [adder (3)]
  1632 | D:1      | Slain by an adder

Skill      XL: |  1  2 |
---------------+-------+-----
Maces & Flails | 3 |  3.7
Fighting       | |  3.2
Armour         | |  2.1
Dodging        | |  0.7
Invocations    | |  2.0

Action                   || total
-------------------------++-------
Melee: Mace              ||   103
Invok: Depart the Abyss  ||     1
  Eat: Chunk             ||     2
Armor: Leather armour    ||    85
Dodge: Dodged            ||   102

Levels and vault maps discovered:
D:1:      dpeg_arrival_water_fire, layout_basic, serial_forest,
          infiniplex_forest_diagonal, infiniplex_forest_zigzag_2,
          infiniplex_forest_straight_2, infiniplex_forest_lined_room_,
          infiniplex_forest_clump_curved, infiniplex_forest_side_room,
          infiniplex_forest_clump_tiny, infiniplex_forest_lined_2,
          infiniplex_forest_lined_ring, kennysheep_decorative_pillar,
          st_stairs_2
D:2:      layout_rooms
Abyss:1
